 Dungeon Crawl Stone Soup version 0.13.1-28-g3517093 (console) character file.

284 Magician the Poker (level 5, 0/42 HPs)
             Began as a Merfolk Berserker on Mar 6, 2014.
             Was a Believer of Trog.
             Killed by divine providence
             ... invoked by an orc priest
              (12 damage)
             ... on Level 5 of the Dungeon.
             The game lasted 00:04:23 (739 turns).

Magician the Poker (Merfolk Berserker)               Turns: 739, Time: 00:04:23

HP   0/42        AC  6     Str 17      XL: 5   Next: 77%
MP   4/4         EV  6     Int  7      God: Trog [**....]
Gold 85          SH  0     Dex 13      Spells:  0 memorised,  4 levels left

Res.Fire  : . . .   See Invis. : +   a - +0 spear {=f}
Res.Cold  : . . .   Warding    : .   k - +0 chain mail
Life Prot.: . . .   Conserve   : .   (no shield)
Res.Poison: .       Res.Corr.  : .   (no helmet)
Res.Elec. : .       Clarity    : .   n - -4 cloak "Thuss" {Dex-1 SInv}
Sust.Abil.: . .     Spirit.Shd : .   (no gloves)
Res.Mut.  : .       Stasis     : .   (no boots)
Res.Rott. : .       Flight     : .   (no amulet)
Saprovore : . . .                    (no ring)
                                     (no ring)

@: slightly resistant to hostile enchantments, extremely unstealthy
A: change form in water, swift swim
a: Burn Spellbooks, Berserk, Trog's Hand, Renounce Religion


You were on level 5 of the Dungeon.
You worshipped Trog.
Trog was pleased with you.
You were near starving.

You visited 1 branch of the dungeon, and saw 5 of its levels.

You collected 65 gold pieces.

Inventory:

Hand weapons
 a - a +0,+0 spear (weapon) {=f}
Missiles
 m - a throwing net (quivered)
Armour
 b - a +0 animal skin
 k - a +0 chain mail (worn)
 n - the cursed -4 cloak "Thuss" (worn) {Dex-1 SInv}
   (You found it on level 5 of the Dungeon)

   It affects your dexterity (-1).
   It enhances your eyesight.
   It has a curse placed upon it.
Comestibles
 c - 2 bread rations
 j - a meat ration
Scrolls
 e - a scroll of noise
 f - a scroll of enchant weapon II
Jewellery
 i - an uncursed amulet of inaccuracy {unknown}
Potions
 d - a potion of speed
 h - 2 potions of curing
Magical staves
 l - an uncursed staff of poison {unknown}


   Skills:
 * Level 4.7 Fighting
 + Level 5.1 Polearms
 * Level 2.9 Armour
 + Level 3.8 Dodging


You had 4 spell levels left.
You didn't know any spells.

Dungeon Overview and Level Annotations

Branches:
Dungeon (5/27)
 Temple: D:4-7

Altars:
Sif Muna

Annotations:
D:5 Sigmund


Message History

There is a stone staircase leading down here.
The orc priest hits you with an orcish trident!
The orc wizard hits you but does no damage.
You climb downwards.
Level annotation: Sigmund Sigmund points at you and mumbles some strange words.
The puff of flame hits you!
There is a stone staircase leading up here.
The orc priest invokes the aid of Beogh against you.
Pain shoots through your body!
The orc priest utters an invocation to Beogh.
You feel a wave of unholy energy pass over you.
The orc priest closely misses you.
The orc priest invokes the aid of Beogh against you.
Pain shoots through your body!
* * * LOW HITPOINT WARNING * * *
There is an open door here.
The orc priest calls down the wrath of Beogh upon you.
Something smites you!
You die...

########.... . ........#.....
####.. #........#..... ..##..#
#........#....##### ..##..#
#.................. ..##..##
#.........# #..#.###### ..##...
#@..# #.........# ..##.######
#...# #...<.....#
.........<######...###....#......
...................'o.@..........
.........###.......###...#.......
.....####................#.####..
..)..# #.##.##.....##.#.#.#
.....# #.##..'.....##.#.#.#
.....####'#...#.....##.#.#.#


You could see an orc priest.

Vanquished Creatures
  Edmund (D:4)
  An iguana (D:4)
  2 adders (D:4)
  A giant mite (D:5)
  2 giant geckos
  A bat skeleton (D:5)
  2 giant cockroaches
  3 hobgoblins
  10 jackals
  4 bats
  A hobgoblin skeleton (D:4)
  3 rats
31 creatures vanquished.

Notes
Turn   | Place    | Note
--------------------------------------------------------------
     0 | D:1      | Magician, the Merfolk Berserker, began the quest for the Orb.
     0 | D:1      | Reached XP level 1. HP: 18/18 MP: 0/0
    87 | D:2      | Reached XP level 2. HP: 16/24 MP: 1/1
   126 | D:2      | Found a deep blue altar of Sif Muna.
   236 | D:4      | Noticed Edmund
   312 | D:4      | HP: 1/36 [Edmund/glowing flail (6)]
   313 | D:4      | Killed Edmund
   313 | D:4      | Acquired Trog's second power
   313 | D:4      | Reached XP level 3. HP: 1/30 MP: 2/2
   313 | D:4      | Reached XP level 4. HP: 1/37 MP: 3/3
   313 | D:4      | Reached XP level 5. HP: 1/42 MP: 4/4
   581 | D:4      | Reached skill level 5 in Polearms
   626 | D:5      | Entered Level 5 of the Dungeon
   636 | D:5      | Got an ancient cloak
   659 | D:5      | Identified the cursed -4 cloak "Thuss" {Dex-1 SInv} (You found it on level 5 of the Dungeon)
   725 | D:5      | Noticed Sigmund
   739 | D:5      | Killed from afar by an orc priest

Action                   |  1- 3 |  4- 6 || total
-------------------------+-------+-------++-------
Melee: Spear             |    76 |    96 ||   172
Invok: Berserk           |     2 |     1 ||     3
       Trog's Hand       |       |     1 ||     1
  Use: Potion            |     1 |       ||     1
       Scroll            |       |     4 ||     4
